 Dungeon Crawl Stone Soup version 0.17-a0-1485-g22cb0ee (webtiles) character file.

238 Fluffy the Chopper (level 6, -1/52 HPs)
             Began as a Hill Orc Gladiator on July 5, 2015.
             Slain by Duvessa
             ... wielding a +0 rapier
              (5 damage)
             ... on level 4 of the Dungeon.
             The game lasted 00:06:22 (2487 turns).

Fluffy the Chopper (Hill Orc Gladiator)             Turns: 2487, Time: 00:06:22

Health: -1/52      AC: 13    Str: 20    XL:     6   Next: 7%
Magic:  6/6        EV:  8    Int:  8    God:
Gold:   85         SH:  0    Dex: 11    Spells: 0 memorised, 5 levels left

rFire  . . .     SeeInvis +     a - +0 war axe
rCold  . . .     Clarity  .     q - +0 chain mail
rNeg   . . .     SustAt   .     (no shield)
rPois  .         Gourm    .     c - +0 helmet
rElec  .         Spirit   .     b - +0 cloak (curse)
rCorr  .         Warding  .     (no gloves)
rMut   .         Stasis   .     C - +1 pair of boots
MR     .....                    (no amulet)
Stlth  ..........               D - ring of stealth
                                B - ring of see invisible

@: not resistant to hostile enchantments, extremely unstealthy
A: no striking features
a: no special abilities


You were on level 4 of the Dungeon.
You were hungry.

You visited 1 branch of the dungeon, and saw 4 of its levels.

You collected 85 gold pieces.

Inventory:

Hand weapons
 a - a +0 war axe (weapon)
Missiles
 d - 3 throwing nets (quivered)
Armour
 b - a cursed +0 cloak (worn)
 c - a +0 helmet (worn)
 q - a +0 chain mail (worn)
 C - a +1 pair of boots (worn)
Jewellery
 B - a ring of see invisible (left hand)
 D - a ring of stealth (right hand)
Scrolls
 f - 4 scrolls of identify {unknown}
 h - 2 scrolls of amnesia {unknown}
 i - 2 scrolls of enchant armour {unknown}
 j - 4 scrolls of remove curse {unknown}
 n - 2 scrolls of random uselessness {unknown}
 o - 2 scrolls of magic mapping {unknown}
 p - 3 scrolls of noise {unknown}
 s - a scroll of blinking {unknown}
 u - a scroll of fog {unknown}
 y - a scroll of immolation {unknown}
 A - a scroll of teleportation {unknown}
Potions
 l - a potion of brilliance {unknown}
 m - 2 potions of agility {unknown}
 r - 2 potions of curing
 t - a potion of cancellation {unknown}
 v - a potion of ambrosia {unknown}
 x - a potion of might {unknown}
 z - a potion of invisibility
Comestibles
 e - 4 bread rations
 g - 4 meat rations
 k - 7 fruits
 w - a beef jerky


   Skills:
 + Level 4.1 Fighting
 + Level 5.5 Axes
 - Level 2.0 Throwing
 + Level 3.1 Armour
 + Level 3.3 Dodging


You had 5 spell levels left.
You didn't know any spells.

Dungeon Overview and Level Annotations

Branches:
Dungeon (4/15)
 Temple: D:4-7

Altars:
Elyvilon
Makhleb
Ru

Annotations:
D:4 Duvessa


Message History

Duvessa screams in rage.
Duvessa goes berserk!
Your Fighting skill increases to level 4!
Your Armour skill increases to level 3!
You have reached level 6!
Your experience leads to an increase in your attributes!
Increase (S)trength, (I)ntelligence, or (D)exterity?
You feel stronger. Duvessa hits you with a rapier.
* * * LOW HITPOINT WARNING * * *
Duvessa barely misses you.
You barely miss Duvessa.
Duvessa is almost dead.
Duvessa hits you with a rapier.
* * * LOW HITPOINT WARNING * * *
Drink which item? (? for menu, Esc to quit)
It was a potion of curing.
You feel better. Duvessa hits you with a rapier!
* * * LOW HITPOINT WARNING * * *
Duvessa hits you with a rapier.
You die...

##### ... ..... .....
...<.. ... ......# ...
##### .......### #.#
#...# .......†.# #.#
#...###..
......##)###.####........
...... #e@...[...........
......####...)).........#
.............#####.###...
#####......### .# .##
..........## ..# #
.###...#...###...##
#.####......# #.
#.###..### . #........(


You could see Duvessa (berserk).

Vanquished Creatures
  Dowan (D:4)
  An orc priest (D:3)
  An orc wizard (D:3)
  3 adders
  2 worms
  4 giant geckos
  12 orcs
  2 ball pythons (D:1)
  4 giant cockroaches
  10 hobgoblins
  4 jackals
  6 kobolds
  2 quokkas
  7 bats
  3 giant newts
  15 goblins
  6 rats
83 creatures vanquished.

Vanquished Creatures (others)
  A goblin (D:2)
  A ball python (D:4)
  A kobold (D:2)
3 creatures vanquished.

Grand Total: 86 creatures vanquished

Notes
Turn   | Place    | Note
--------------------------------------------------------------
     0 | D:1      | Fluffy the Hill Orc Gladiator began the quest for the Orb.
     0 | D:1      | Reached XP level 1. HP: 18/18 MP: 1/1
   218 | D:1      | Reached XP level 2. HP: 25/25 MP: 2/2
   267 | D:1      | Reached skill level 1 in Armour
   516 | D:1      | Reached XP level 3. HP: 30/30 MP: 3/3
  1328 | D:2      | Found a white marble altar of Elyvilon.
  1443 | D:2      | Found a burning altar of Makhleb.
  1545 | D:2      | Reached XP level 4. HP: 33/37 MP: 4/4
  1834 | D:3      | Reached skill level 5 in Axes
  1834 | D:3      | Reached XP level 5. HP: 43/45 MP: 5/5
  2168 | D:3      | Found a sacrificial altar of Ru.
  2456 | D:4      | Noticed Dowan
  2457 | D:4      | Noticed Duvessa
  2485 | D:4      | Killed Dowan
  2485 | D:4      | Reached XP level 6. HP: 11/52 MP: 6/6
  2487 | D:4      | Slain by Duvessa

Vault maps used:
D:1:      onia_arrival_mini_spirals, feat_on_display
D:2:      bloody_makhleb, first_bread, elyvilon_altar_4
D:3:      nicolae_ru_the_path_less_chosen
D:4:      nicolae_gozag_cash_rules_everything_around_me, uniq_sigmund,
          uniq_duvessa

Action                   |  1- 3 |  4- 6 || total
-------------------------+-------+-------++-------
Melee: War axe           |   130 |   133 ||   263
  Use: Potion            |       |     1 ||     1
  Eat: Chunk             |     2 |     3 ||     5
